Map: Disco Bloodbath LE

Players

Stats

  • Race: Protoss Protoss
  • Spawn Location: 3:00

Maru - Winner!

  • Race: Terran Terran
  • Spawn Location: 9:00

Event: 2019 WCS Global FInals

VOD

Have the link to the VOD?

Description

Time

  • Played on: Oct. 25, 2019, 2:42 a.m.
  • Length: 15:49

All games in this series

Show
View Real Time Build Order
Export as new Build Order

Stats Protoss 

Build Orders: 1 Gate Expand, Phoenix Opening, Colossus Rush 

Get SALT Encoding   

  12  0:00  Probe  
  13  0:12  Probe  
  14  0:17  Pylon  
  14  0:25  Probe (Chrono Boost)  
  15  0:37  Probe (Chrono Boost)  
  15  0:40  Gateway  
  16  0:44  Probe (Chrono Boost)  
  16  0:45  Assimilator  
  17  0:51  Probe  
  18  1:03  Probe  
  19  1:15  Probe  
  20  1:22  Nexus  
  20  1:32  Cybernetics Core  
  20  1:34  Probe  
  21  1:41  Assimilator  
  21  1:46  Probe  
  22  1:50  Pylon  
  22  1:59  Probe  
  23  2:05  Adept (Chrono Boost)  
  23  2:11  Probe  
  23  2:15  Stargate  
  26  2:23  Probe  
  26  2:25  Stalker (Chrono Boost)  
  29  2:34  Probe (Chrono Boost)  
  31  2:38  Warp Gate  
  31  2:41  Probe (Chrono Boost)  
  31  2:44  Probe (Chrono Boost)  
  32  2:48  Probe (Chrono Boost)  
  32  2:49  Probe (Chrono Boost)  
  34  2:58  Phoenix (Chrono Boost)  
  34  2:59  Probe  
  34  3:00  Probe  
  38  3:08  Assimilator  
  38  3:10  Pylon  
  38  3:11  Probe  
  38  3:12  Probe  
  40  3:20  Phoenix (Chrono Boost)  
  40  3:23  Probe  
  40  3:24  Probe  
  44  3:31  Robotics Facility  
  44  3:35  Probe  
  44  3:36  Probe  
  44  3:40  Phoenix (Chrono Boost)  
  46  3:47  Assimilator, Probe  
  49  3:49  Pylon, Probe  
  50  3:57  Phoenix  
  50  4:07  Probe x2  
  49  4:20  Probe (Chrono Boost)  
  49  4:23  Phoenix, Probe (Chrono Boost)  
  53  4:24  Observer  
  54  4:33  Probe (Chrono Boost)  
  54  4:37  Probe (Chrono Boost)  
  54  4:38  Probe (Chrono Boost)  
  55  4:42  Gateway  
  55  4:45  Probe  
  57  4:47  Probe  
  57  4:52  Forge, Robotics Bay  
  58  4:57  Probe  
  58  4:59  Probe  
  60  5:03  Pylon  
  60  5:06  Observer  
  61  5:08  Pylon  
  62  5:16  Nexus  
  62  5:21  Probe x2  
  63  5:24  Pylon  
  63  5:26  Observer  
  63  5:29  Observer  
  63  5:36  Colossus (Chrono Boost)  
  63  5:39  Gateway, Protoss Ground Weapons Level 1  
  63  5:40  Gateway  
  69  5:48  Extended Thermal Lance  
  69  5:51  Probe x2  
  71  5:57  Stalker, Sentry  
  71  6:03  Probe x2  
  77  6:06  Observer  
  77  6:07  Pylon  
  77  6:15  Probe x2  
  77  6:16  Observer, Colossus (Chrono Boost)  
  85  6:23  Pylon  
  85  6:25  Sentry  
  85  6:28  Probe x2  
  85  6:30  Zealot  
  85  6:31  Probe  
  92  6:40  Probe x2  
  92  6:45  Observer, Probe  
  95  6:57  Probe  
  95  6:58  Probe x2  
  95  7:00  Colossus (Chrono Boost)  
  98  7:01  Gateway  
  98  7:02  Gateway  
  98  7:05  Phoenix (Chrono Boost)  
  105  7:10  Probe x3  
  105  7:11  Assimilator  
  105  7:12  Assimilator  
  108  7:15  Stalker  
  108  7:16  Stalker, Zealot x2  
  108  7:20  Pylon x2  
  116  7:23  Twilight Council  
  116  7:34  Probe  
  117  7:37  Phoenix  
  117  7:39  Pylon  
  117  7:40  Pylon  
  117  7:43  Warp Prism (Chrono Boost)  
  119  7:45  Protoss Ground Armor Level 1 (Chrono Boost)  
  119  7:49  Robotics Facility, Charge  
  119  7:50  Forge  
  121  8:01  Zealot x4  
  121  8:02  Phoenix  
  131  8:06  Zealot  
  131  8:07  Zealot  
  131  8:10  Pylon  
  131  8:12  Pylon  
  135  8:13  Gateway  
  135  8:14  Gateway  
  135  8:16  Observer  
  135  8:18  Observer  
  136  8:23  Protoss Ground Weapons Level 2  
  136  8:29  Nexus  
  136  8:30  Pylon  
  137  8:34  Probe x3  
  137  8:35  Disruptor (Chrono Boost)  
  137  8:36  Disruptor (Chrono Boost)  
  145  8:54  Photon Cannon  
  145  8:58  Pylon, Probe x3  
  145  9:01  Disruptor (Chrono Boost)  
  148  9:05  Pylon  
  154  9:10  Stalker x4  
  154  9:11  Disruptor (Chrono Boost)  
  162  9:27  Blink (Chrono Boost)  
  162  9:29  Disruptor (Chrono Boost)  
  162  9:31  Probe x3  
  165  9:39  Protoss Ground Armor Level 2  
  165  9:42  Assimilator, Disruptor (Chrono Boost)  
  165  9:46  Assimilator  
  165  9:47  Stalker x4  
  165  9:51  Gravitic Boosters  
  173  10:01  Gateway x2  
  173  10:03  Dark Shrine  
  173  10:04  Disruptor (Chrono Boost)  
  176  10:14  Nexus  
  176  10:15  Pylon  
  176  10:30  Disruptor (Chrono Boost)  
  176  10:34  Protoss Ground Weapons Level 3 (Chrono Boost)  
  179  10:37  Observer (Chrono Boost)  
  179  10:39  Stalker x4, Zealot x3  
  179  10:40  Zealot  
  196  10:51  Observer  
  197  11:03  Shield Battery  
  197  11:04  Shield Battery  
  197  11:05  Photon Cannon  
  197  11:06  Photon Cannon  
  197  11:07  Photon Cannon  
  197  11:10  Photon Cannon  
  189  11:16  Disruptor x2  
  160  11:20  Stalker x5  
  160  11:21  Zealot x5  
  120  11:42  Zealot x5  
  120  11:43  Zealot x3  
  120  11:45  Zealot  
  117  11:49  Disruptor (Chrono Boost)  
  111  11:59  Disruptor (Chrono Boost)  
  111  12:01  Observer  
  111  12:05  Sentry x2  
  111  12:06  Stalker x3  
  111  12:07  Stalker  
  123  12:12  Stalker x2  
  123  12:15  Stalker  
  129  12:17  Stalker  
  129  12:18  Disruptor (Chrono Boost)  
  129  12:21  Protoss Ground Armor Level 3 (Chrono Boost)  
  134  12:25  Disruptor (Chrono Boost)  
  136  12:41  Shadow Stride  
  136  12:44  Colossus (Chrono Boost)  
  136  12:50  Colossus (Chrono Boost)  
  137  12:55  Stalker x5  
  151  13:04  Zealot x5  
  161  13:19  Stalker x5  
  171  13:23  Protoss Shields Level 1 (Chrono Boost)  
  171  13:25  Photon Cannon  
  171  13:27  Shield Battery  
  171  13:32  Colossus (Chrono Boost)  
  171  13:33  Pylon  
  177  13:39  Colossus (Chrono Boost)  
  183  14:05  Warp Prism  
  183  14:06  Pylon, Nexus  
  183  14:13  Pylon  
  183  14:15  Observer  
  185  14:20  Stalker x2  
  185  14:21  Stalker x3, Zealot x2  
  162  14:49  Disruptor  
  162  14:50  Disruptor  
  162  14:51  Stalker  
  162  14:52  Stalker x8  
  180  14:53  Stalker  
  180  15:18  Dark Templar x3  
  180  15:19  Zealot x7  
  124  15:40  Stalker x4  
  124  15:41  Zealot x3  
Show
View Real Time Build Order
Export as new Build Order

Maru Terran - Winner!

Build Orders:  

Get SALT Encoding   

  12  0:00  SCV  
  13  0:13  SCV  
  14  0:17  Supply Depot  
  14  0:25  SCV  
  15  0:38  SCV  
  15  0:39  Barracks  
  16  0:43  Refinery  
  16  0:50  SCV  
  17  1:02  SCV  
  18  1:15  SCV  
  19  1:26  Marine  
  19  1:27  Orbital Command  
  20  1:39  Command Center  
  20  1:52  SCV  
  21  1:54  Factory  
  21  2:02  Barracks Reactor  
  21  2:04  SCV  
  21  2:07  Supply Depot  
  22  2:12  Refinery  
  22  2:16  SCV  
  23  2:29  SCV  
  24  2:41  Starport  
  24  2:45  Hellion x2, SCV  
  24  2:50  Orbital Command  
  29  2:57  SCV  
  30  3:00  Barracks Tech Lab  
  30  3:06  Hellion x2  
  30  3:09  SCV  
  35  3:17  SCV  
  35  3:18  Medivac  
  38  3:22  Supply Depot  
  38  3:23  SCV  
  39  3:31  SCV  
  40  3:34  Siege Tank  
  40  3:35  SCV  
  40  3:36  Marine  
  40  3:37  Marine  
  46  3:44  SCV  
  46  3:45  Supply Depot  
  46  3:47  SCV  
  48  3:49  Starport Tech Lab  
  48  3:56  SCV  
  48  3:59  SCV  
  48  4:00  Marine  
  48  4:01  Marine  
  50  4:06  Cyclone  
  50  4:08  SCV  
  50  4:11  SCV  
  49  4:19  Marine x2  
  49  4:20  SCV  
  49  4:24  SCV  
  54  4:30  Command Center  
  54  4:32  SCV  
  54  4:35  Supply Depot  
  54  4:36  SCV  
  56  4:44  Refinery, SCV  
  57  4:48  SCV  
  58  4:53  Barracks, Stimpack  
  58  4:56  Barracks, SCV  
  56  5:00  SCV  
  56  5:02  Marine  
  56  5:05  Engineering Bay  
  56  5:06  Engineering Bay  
  58  5:08  SCV  
  58  5:09  Factory Tech Lab  
  58  5:12  SCV  
  60  5:20  SCV  
  61  5:24  SCV  
  61  5:27  Barracks  
  62  5:30  Refinery  
  62  5:33  Barracks, SCV  
  62  5:34  Starport  
  61  5:36  SCV  
  61  5:38  Terran Infantry Weapons Level 1, Terran Infantry Armor Level 1  
  61  5:39  Factory Reactor  
  61  5:40  Missile Turret  
  61  5:41  Missile Turret  
  61  5:45  SCV, Orbital Command  
  61  5:48  SCV  
  63  5:54  Marine x2, Marauder  
  63  5:55  Marauder  
  70  5:57  SCV  
  70  6:00  SCV  
  70  6:04  Supply Depot  
  71  6:05  Supply Depot  
  71  6:09  SCV  
  71  6:11  Orbital Command  
  72  6:16  Barracks Tech Lab, Supply Depot x2  
  72  6:19  Medivac x2  
  72  6:20  Marine, Marauder  
  72  6:21  Marauder  
  72  6:22  Barracks Reactor  
  72  6:23  SCV  
  82  6:27  Factory Reactor  
  82  6:29  Combat Shield  
  82  6:30  SCV  
  83  6:37  Marauder, Missile Turret  
  83  6:39  Concussive Shells  
  85  6:40  SCV x2  
  85  6:42  SCV  
  85  6:44  Missile Turret  
  87  6:49  Marine x2, Marauder x2  
  87  6:52  SCV x2  
  94  6:59  SCV, Marauder  
  95  7:04  SCV x2  
  95  7:06  Widow Mine  
  95  7:07  Widow Mine, Marine  
  101  7:10  Marauder  
  101  7:11  SCV  
  101  7:12  Medivac x2  
  101  7:13  Supply Depot  
  101  7:15  Armory  
  108  7:16  SCV  
  108  7:17  SCV  
  108  7:22  Supply Depot  
  110  7:23  SCV  
  110  7:26  Marauder x2  
  110  7:28  SCV  
  110  7:29  SCV  
  117  7:31  Refinery x2  
  117  7:34  Marauder  
  117  7:35  SCV  
  120  7:39  Supply Depot  
  120  7:40  SCV  
  120  7:41  SCV  
  122  7:47  SCV, Marauder  
  122  7:48  Medivac x2, Ghost Academy  
  129  7:53  SCV x2  
  129  7:55  Starport  
  130  7:59  Supply Depot, SCV  
  130  8:06  Marine  
  130  8:07  Terran Infantry Weapons Level 2, Marine x3, Marauder x2  
  130  8:08  Marauder  
  140  8:15  Supply Depot, Missile Turret  
  140  8:16  Supply Depot  
  140  8:17  Terran Infantry Armor Level 2  
  140  8:24  Marine  
  140  8:25  Marine x3  
  143  8:27  Ghost  
  143  8:31  Supply Depot  
  143  8:32  Supply Depot  
  145  8:34  Viking x2  
  145  8:38  Supply Depot x2  
  145  8:39  Viking  
  151  8:45  Ghost  
  153  8:48  Command Center  
  153  8:54  Missile Turret  
  153  8:55  Missile Turret  
  153  8:56  Enhanced Shockwaves  
  153  8:59  Viking  
  155  9:05  Ghost  
  155  9:06  Marine x2  
  155  9:07  Marine x2  
  161  9:14  Viking  
  161  9:16  SCV x3  
  166  9:25  Ghost  
  166  9:26  Marine x3, Marauder  
  166  9:27  Marine  
  171  9:32  Terran Ship Weapons Level 1  
  171  9:35  Viking  
  173  9:40  Sensor Tower  
  173  9:43  Viking  
  175  9:54  Barracks  
  175  9:55  Barracks x2  
  175  9:57  Missile Turret  
  175  9:58  Missile Turret  
  175  10:00  Planetary Fortress  
  175  10:01  Ghost  
  175  10:02  Missile Turret  
  175  10:04  Marauder x2  
  181  10:12  Marine x4  
  185  10:18  Viking  
  185  10:23  Viking  
  185  10:24  Ghost  
  185  10:25  Marauder  
  191  10:30  Marine x2, Marauder  
  191  10:31  Starport  
  191  10:33  Refinery  
  191  10:35  Refinery  
  195  10:43  Barracks Tech Lab x2  
  195  10:44  Barracks Reactor  
  195  10:46  Ghost  
  195  10:48  Command Center  
  197  11:01  Terran Infantry Weapons Level 3  
  189  11:19  Ghost, Terran Infantry Armor Level 3  
  189  11:21  Marine x3  
  193  11:31  Marine, Marauder  
  147  11:35  Marine x3, Marauder x2  
  147  11:38  Marine  
  147  11:39  Marine x2  
  136  11:48  Marine, Marauder  
  136  11:52  Marauder  
  136  11:53  Marine x2, Marauder  
  136  11:56  Marine x2  
  136  11:57  Starport Tech Lab, Fusion Core, Marauder x2  
  142  12:08  Marine x2  
  142  12:10  Marauder  
  142  12:14  Marauder  
  142  12:15  Marauder  
  149  12:17  Ghost x2, Marine  
  154  12:30  Marine  
  154  12:31  Marauder  
  154  12:35  Marauder  
  154  12:36  Marauder  
  160  12:37  Planetary Fortress  
  160  12:38  Liberator x3  
  160  12:40  SCV x4  
  164  12:46  Liberator  
  164  12:47  Marauder x2  
  153  12:52  SCV, Liberator  
  153  12:53  Marauder  
  153  12:57  Marauder  
  153  12:58  Advanced Ballistics, Marauder  
  162  13:06  Terran Ship Weapons Level 2  
  162  13:07  Ghost  
  162  13:08  Marauder  
  169  13:13  Ghost  
  169  13:17  Ghost  
  169  13:19  SCV  
  178  13:21  Liberator  
  178  13:23  Liberator  
  178  13:25  Personal Cloaking  
  174  13:31  Marauder x2  
  174  13:32  Marine x5  
  183  13:34  Refinery, Liberator  
  183  13:35  Liberator, Refinery  
  183  13:37  Marauder  
  189  13:43  Marauder  
  189  13:47  Marauder  
  196  13:58  Ghost  
  198  14:03  Command Center  
  198  14:04  Command Center  
  198  14:15  Sensor Tower, Command Center  
  198  14:31  Liberator x3  
  198  14:32  Liberator  
  198  14:45  Marine x2, Marauder  
  187  14:46  Marauder  
  187  14:47  Liberator  
  187  14:51  Ghost x2  
  191  15:00  Nuke  
  191  15:06  Ghost x2  
  194  15:08  Marauder  
  196  15:28  Marine  
  196  15:31  Marine x2  
Tags
 
Add a new tag
Caveats
  • Supply blocks, unpowered buildings, or Contaminate may cause inaccurate times.
  • Supply counts are checked every 10 seconds.